 Dungeon Crawl Stone Soup version 0.30.1-4-g462c640d31 (webtiles) character file.

Game seed: 18274230519884095938

164 jtron the Caller (level 5, -2/37 HPs)
             Began as a Gnoll Wanderer on Aug 11, 2023.
             Slain by an orc wizard
             ... wielding a +0 dagger
              (3 damage)
             ... on level 3 of the Dungeon.
             The game lasted 00:06:18 (2368 turns).

jtron the Caller (Gnoll Wanderer)                   Turns: 2368, Time: 00:06:18

Health: -2/37      AC:  3    Str: 10    XL:     5   Next: 45%
Magic:  9/9        EV: 14    Int: 15    God:
Gold:   191        SH:  0    Dex: 11    Spells: 7/10 levels left

rFire   x . .        l - +2 mace (drain)
rCold   . . .        (no shield)
rNeg    . . .        v - +0 robe {Will+}
rPois   .            (no helmet)
rElec   .            b - +0 cloak
rCorr   .            (no gloves)
SInv    .            (no boots)
Will    +....        (no amulet)
Stlth   ++           q - ring of flight
HPRegen 0.26/turn    (no ring)
MPRegen 0.11/turn

%: no passive effects
@: flying
A: fangs 1, strong nose, distributed training, screaming 2, heat vulnerability 1
a: no special abilities


You were on level 3 of the Dungeon.
You visited 1 branch of the dungeon, and saw 3 of its levels.

You collected 191 gold pieces.

Inventory:

Hand Weapons
 a - a +0 club
 f - a +0 halberd
 l - a +2 mace of draining (weapon)
Missiles
 h - 2 boomerangs
 i - 2 throwing nets
Armour
 b - a +0 cloak (worn)
 v - a +0 robe of willpower (worn)
Jewellery
 q - a ring of flight (left hand)
Scrolls
 c - a scroll of blinking
 d - a scroll of acquirement {unknown}
 e - 2 scrolls of teleportation
 m - 2 scrolls of identify {unknown}
 p - a scroll of enchant weapon {unknown}
 r - 3 scrolls of poison {unknown}
 u - a scroll of fog {unknown}
Potions
 j - a potion of mutation
 k - a potion of cancellation {unknown}
 o - a potion of might {unknown}
 s - a potion of heal wounds {unknown}
 t - a potion of lignification {unknown}


   Skills:
 + Level 1.6 Fighting
 + Level 1.6 Short Blades
 + Level 1.6 Long Blades
 + Level 1.6 Axes
 + Level 1.6 Maces & Flails
 + Level 1.6 Polearms
 + Level 1.6 Staves
 + Level 1.6 Ranged Weapons
 + Level 1.6 Throwing
 + Level 1.6 Armour
 + Level 6.7 Dodging
 + Level 1.6 Stealth
 + Level 1.6 Shields
 + Level 3.0 Unarmed Combat
 + Level 3.2 Spellcasting
 + Level 1.2 Conjurations
 + Level 1.2 Hexes
 + Level 7.2 Summonings
 + Level 1.2 Necromancy
 + Level 1.2 Translocations
 + Level 1.2 Transmutations
 + Level 1.2 Fire Magic
 + Level 1.2 Ice Magic
 + Level 1.2 Air Magic
 + Level 1.2 Earth Magic
 + Level 1.2 Poison Magic
 + Level 1.8 Invocations
 + Level 3.0 Evocations


You had 7 spell levels left.
You knew the following spells:

 Your Spells              Type           Power      Damage    Failure   Level
a - Summon Small Mammal   Summ           96%        N/A       1%          1
b - Call Imp              Summ           48%        N/A       1%          2

Your spell library contained the following spells:

 Spells                   Type           Power      Damage    Failure   Level
 Summon Ice Beast         Ice/Summ       15%        N/A       34%         4


Dungeon Overview and Level Annotations

Branches:
Dungeon (3/15)

Altars:


Innate Abilities, Weirdness & Mutations

You have very sharp teeth.
Your uncanny sense of smell can sniff out nearby items.
Your experience applies equally to all skills.
You frequently scream uncontrollably at your foes.
You are vulnerable to heat. (rF-)


Message History

You feel vulnerable to heat.
You feel the urge to shout.
You feel a strong urge to scream.
The orc priest calls down the wrath of Beogh upon your cerulean imp.
Your cerulean imp is smitten.
Something barely misses you.
Your cerulean imp barely misses the orc priest.
It was a potion of curing.
You feel better. Something hits you.
Your cerulean imp hits the orc priest but does no damage.
You strike the helpless orc priest from behind!
You hit the orc priest but do no damage.
You drain the orc priest.
You kill the orc priest!
You hear the brisk rusting of a drain very nearby.
Something barely misses you.
Your cerulean imp hits the orc from afar with a -2 spear.
The orc barely misses you. Something hits you.
Your Unarmed Combat skill increases to level 3!
Your Evocations skill increases to level 3!
You completely miss the orc.
The orc is heavily wounded.
Your cerulean imp barely misses the orc.
The orc hits you with a +0 war axe!
* * * LOW HITPOINT WARNING * * *
Something hits you.
* * * LOW HITPOINT WARNING * * *
It was a potion of flight.
You feel more buoyant.
Your cerulean imp hits the orc but does no damage.
Something hits you but does no damage. The orc hits you but does no damage.
You miss something. Your bite misses something.
Your cerulean imp barely misses the orc.
The orc barely misses you.
You hear some strange, mumbled words.
A magic dart appears from out of thin air!
The magic dart hits you.
* * * LOW HITPOINT WARNING * * *
Your cerulean imp hits the orc from afar with a -2 spear.
You barely miss something. The orc hits you but does no damage.
Something hits you.
You die...

. . #. ∆
#####.
......#
.......####
.......o@.#
....##{#.#
.
#5..######
##.......#
##.####.#
#### #.#
#.# #...
#.####.###
#.##
#........#
#.#
######...#
#.#


You could see an orc (ally target) and a friendly cerulean imp (summoned).

Vanquished Creatures
  An orc priest (D:3)
  A gnoll (D:1)
  2 adders
  3 orcs (D:3)
  6 ball pythons
  5 bats
  4 endoplasms
  2 giant cockroaches
  3 goblins
  4 hobgoblins
  6 jackals (D:2)
  A quokka (D:3)
  A frilled lizard (D:2)
  3 kobolds (D:2)
  6 rats
48 creatures vanquished.

Vanquished Creatures (collateral kills)
  Jessica (D:2)
  A worm (D:2)
  2 orcs (D:3)
  2 bats
  An endoplasm (D:1)
  4 goblins
  5 jackals (D:2)
  2 ball pythons (D:1)
  3 rats
21 creatures vanquished.

Grand Total: 69 creatures vanquished

Notes
Turn   | Place    | Note
-------+----------+-------------------------------------------
     0 | D:1      | jtron the Gnoll Wanderer began the quest for the Orb.
     0 | D:1      | jtron set off with the following items: a +0 club, a +0
                  | cloak, a scroll of blinking, a +0 robe, a scroll of
                  | teleportation; and the following spell memorised: Summon
                  | Small Mammal; and the following spells available to
                  | memorise: Call Imp, Summon Ice Beast.
     0 | D:1      | Reached XP level 1. HP: 13/13 MP: 4/4
   242 | D:1      | Reached XP level 2. HP: 16/19 MP: 2/5
   839 | D:1      | Reached XP level 3. HP: 24/25 MP: 4/7
   993 | D:2      | Reached skill level 1 in Invocations
   997 | D:2      | Learned a level 2 spell: Call Imp
  1328 | D:2      | Reached skill level 1 in Fighting
  1328 | D:2      | Reached skill level 1 in Short Blades
  1328 | D:2      | Reached skill level 1 in Long Blades
  1328 | D:2      | Reached skill level 1 in Axes
  1328 | D:2      | Reached skill level 1 in Maces & Flails
  1328 | D:2      | Reached skill level 1 in Polearms
  1328 | D:2      | Reached skill level 1 in Staves
  1328 | D:2      | Reached skill level 1 in Ranged Weapons
  1328 | D:2      | Reached skill level 1 in Throwing
  1328 | D:2      | Reached skill level 1 in Armour
  1328 | D:2      | Reached skill level 1 in Stealth
  1328 | D:2      | Reached skill level 1 in Shields
  1463 | D:2      | Reached XP level 4. HP: 32/32 MP: 6/8
  1862 | D:2      | Noticed Jessica
  1867 | D:2      | Killed Jessica
  1868 | D:2      | Reached skill level 1 in Conjurations
  1868 | D:2      | Reached skill level 1 in Hexes
  1868 | D:2      | Reached skill level 1 in Necromancy
  1868 | D:2      | Reached skill level 1 in Translocations
  1868 | D:2      | Reached skill level 1 in Transmutations
  1868 | D:2      | Reached skill level 1 in Fire Magic
  1868 | D:2      | Reached skill level 1 in Ice Magic
  1868 | D:2      | Reached skill level 1 in Air Magic
  1868 | D:2      | Reached skill level 1 in Earth Magic
  1868 | D:2      | Reached skill level 1 in Poison Magic
  2123 | D:3      | Reached XP level 5. HP: 34/37 MP: 5/9
  2362 | D:3      | Gained mutation: You are vulnerable to heat. (rF-) [potion
                  | of mutation]
  2362 | D:3      | Gained mutation: You occasionally shout uncontrollably at
                  | your foes. [potion of mutation]
  2362 | D:3      | Gained mutation: You frequently scream uncontrollably at
                  | your foes. [potion of mutation]
  2367 | D:3      | HP: 1/37 [something/magic dart (5)]
  2368 | D:3      | Slain by an orc wizard

Illustrated notes

Levels and vault maps discovered:
D:1:      nicolae_arrival_washed_ashore, layout_loops_ring
D:2:      layout_loops_ring, uniq_jessica
D:3:      layout_basic, gup_sewer_entry_bubbles

Skill      XL: |  1  2  3  4  5 |
---------------+----------------+-----
Invocations    | 1 |  1.8
Fighting       | 1 |  1.6
Short Blades   | 1 |  1.6
Long Blades    | 1 |  1.6
Axes           | 1 |  1.6
Maces & Flails | 1 |  1.6
Polearms       | 1 |  1.6
Staves         | 1 |  1.6
Ranged Weapons | 1 |  1.6
Throwing       | 1 |  1.6
Armour         | 1 |  1.6
Stealth        | 1 |  1.6
Shields        | 1 |  1.6
Spellcasting   | 3 |  3.2
Conjurations   | 1 |  1.2
Hexes          | 1 |  1.2
Necromancy     | 1 |  1.2
Translocations | 1 |  1.2
Transmutations | 1 |  1.2
Fire Magic     | 1 |  1.2
Ice Magic      | 1 |  1.2
Air Magic      | 1 |  1.2
Earth Magic    | 1 |  1.2
Poison Magic   | 1 |  1.2
Unarmed Combat | 3 |  3.0
Evocations     | 3 |  3.0
Dodging        | |  6.7
Summonings     | |  7.2

Action                     |  1- 3 |  4- 6 || total
---------------------------+-------+-------++-------
  Melee: Unarmed           |    31 |       ||    31
         Mace              |    43 |    71 ||   114
         Bite              |     6 |     6 ||    12
         Punch             |     1 |     1 ||     2
   Cast: Summon Small Mamm |    24 |     2 ||    26
         Call Imp          |     5 |     7 ||    12
    Use: Potion            |       |     3 ||     3
   Stab: Distracted        |       |     1 ||     1
         Sleeping          |       |     1 ||     1
 Armour: Robe              |    25 |    29 ||    54
  Dodge: Dodged            |    76 |    66 ||   142
